 Dungeon Crawl Stone Soup version 0.28.0-53-g5a82cb258f (webtiles) character file.

Game seed: 4244250567856101940

4429 safid the Carver (level 10, -5/80 HPs)
             Began as a Hill Orc Fighter on July 25, 2022.
             Was a Follower of Ru.
             Slain by a boulder beetle (17 damage)
             ... on level 7 of the Dungeon.
             The game lasted 00:11:49 (7379 turns).

safid the Carver (Hill Orc Fighter)                 Turns: 7379, Time: 00:11:50

Health: -5/80      AC: 16    Str: 34    XL:     10   Next: 36%
Magic:  0/10       EV:  9    Int:  8    God:    Ru [*.....]
Gold:   223        SH:  4    Dex: 10    Spells: 9/9 levels left

rFire   . . .      SeeInvis .   o - +7 Throatcutter {drain, coup de grace}
rCold   . . .      Faith    .   c - +0 buckler
rNeg    + . .      Spirit   +   B - +4 chain mail of Ryissoke {+Inv rN+ Str+4}
rPois   .          Reflect  .   l - +0 helmet
rElec   .          Harm     .   L - +0 cloak "Poiroego" {rCorr}
rCorr   +          Rampage  .   (no gloves)
Will    .....                   (no boots)
Stlth   ..........              h - amulet of guardian spirit
HPRegen 0.23/turn               A - +6 ring of strength
MPRegen 0.12/turn               (no ring)

@: mighty
A: no poison magic, no translocations magic, no transmutations magic
a: Renounce Religion, Evoke Invisibility


You were on level 7 of the Dungeon.
You worshipped Ru.
Ru was aware of your devotion.
You visited 1 branch of the dungeon, and saw 7 of its levels.
You also visited: Ossuary.

You collected 411 gold pieces.
You spent 188 gold pieces at shops.

Inventory:

Hand Weapons
 a - a +0 war axe
 n - the +0 great sword "Kemaceva" {vorpal, rPois}
   (You found it on level 3 of the Dungeon)

   It inflicts extra damage upon your enemies.
   rPois:     It protects you from poison.
 o - the +7 Throatcutter (weapon) {drain, coup de grace}
   (You took it off Terence on level 3 of the Dungeon)

   A truly terrible weapon, it drains the life of any living foe it strikes.
   It may instantly kill foes which have little health.
Missiles
 k - 13 poisoned darts (quivered)
Armour
 c - a +0 buckler (worn)
 l - a +0 helmet (worn)
 B - the +4 chain mail of Ryissoke (worn) {+Inv rN+ Str+4}
   (You took it off an orc on level 4 of the Dungeon)

   Str:       It affects your strength (+4).
   rN:        It protects you from negative energy.
   +Inv:      It lets you turn invisible.
 L - the +0 cloak "Poiroego" (worn) {rCorr}
   (You bought it in a shop on level 6 of the Dungeon)

   rCorr:     It protects you from acid and corrosion.
Jewellery
 h - an amulet of guardian spirit (around neck)
 A - a +6 ring of strength (left hand)
Wands
 r - a wand of polymorph (5)
 t - a wand of flame (13)
 y - a wand of iceblast (14)
 C - a wand of mindburst (19)
Scrolls
 b - a scroll of magic mapping {unknown}
 d - 3 scrolls of identify {unknown}
 e - 2 scrolls of brand weapon {unknown}
 f - 5 scrolls of noise {unknown}
 g - a scroll of fear {unknown}
 i - a scroll of enchant armour {unknown}
 m - 4 scrolls of torment {unknown}
 w - a scroll of silence {unknown}
 D - 2 scrolls of teleportation {unknown}
 F - a scroll of fog {unknown}
 G - a scroll of enchant weapon {unknown}
 H - a scroll of summoning {unknown}
 J - 3 scrolls of vulnerability {unknown}
 N - a scroll of immolation {unknown}
Potions
 j - 7 potions of curing
 p - 2 potions of heal wounds {unknown}
 q - a potion of haste {unknown}
 s - a potion of brilliance {unknown}
 u - 3 potions of mutation {unknown}
 v - a potion of invisibility {unknown}
 x - 5 potions of flight {unknown}
 z - a potion of cancellation {unknown}
 E - a potion of berserk rage {unknown}
 I - a potion of degeneration {unknown}
 K - a potion of might
 M - 2 potions of resistance {unknown}


   Skills:
 + Level 4.5 Fighting
 - Level 14.0 Long Blades
 - Level 7.2 Axes
 + Level 4.4 Armour
 + Level 1.1 Dodging
 + Level 4.4 Shields


You had 9 spell levels left.
You didn't know any spells.
Your spell library contained the following spells:

 Spells                   Type           Power      Damage    Failure   Level
 Freezing Cloud           Conj/Ice/Air   0%         6-21      100%        5
 Simulacrum               Ice/Necr       0%         N/A       100%        6
 Polar Vortex             Ice            0%         N/A       100%        9


Dungeon Overview and Level Annotations

Branches:
Dungeon (7/15)            Ossuary (visited)
 Temple: D:4-7

Altars:
Ashenzari
Cheibriados
Fedhas
Kikubaaqudgha
Qazlal
Ru
Uskayaw
The Shining One
Beogh

Shops:
D:6 [


Innate Abilities, Weirdness & Mutations

You cannot study or cast Poison magic.
You cannot study or cast Translocations magic.
You cannot study or cast Transmutations magic.


Message History

Training target 14.0 for Long Blades reached!
Your Long Blades skill increases to level 14!
You need to enable at least one skill for training.
Okay, then.
You feel very mighty all of a sudden. Something hits you but does no damage.
The orc warrior hits you with a +0 long sword!
* * * LOW HITPOINT WARNING * * *
The boulder beetle leaps!
Unknown command.
You closely miss the orc warrior. Something hits you!
* * * LOW HITPOINT WARNING * * *
Unknown command.
You feel better.
The orc warrior hits you but does no damage.
Something hits you but does no damage.
You slice the orc warrior!! You drain the orc warrior!
You kill the orc warrior!
You block something's attack.
Unknown command.
Found a shimmering bronze ring.
Something hits you.
* * * LOW HITPOINT WARNING * * *
Unknown command.
You slice something!! Something hits you but does no damage.
Unknown command.
Something hits you but does no damage.
You see here the ring "Hoaschoch" {Wiz +Blink rPois Will- Stlth+}.
You slice something!!
Reactivating autopickup.
You feel a bit more experienced.
An orc warrior comes into view.
It is wielding a +1 hand axe of distortion and wearing the ring of Knowledge {Ice rElec rN+ Str+9 Dex-5}.
Your Dodging skill increases to level 1!
You slash the orc warrior!
You behead the orc warrior!
You kill the orc warrior!
Unknown command.
Items here: ( ) = [.
You barely miss the boulder beetle.
The boulder beetle is heavily wounded.
The boulder beetle bites you!!
You die...

#..).... ####.#..
...#.. .....#.. ##
###########.....
#.
#.........#..##.
#.
#.........#..###
##.###.......##..#
# #..@##.......#..
#.###B##.....##.#
[.
#=###.....#..###.
##.###...##....#..
. #=#.##...#..
.... #.
##)####.##.# #..
.# #.o(#.B'#.#..#
#.. #.#
########.##..##
#.. #..
#..##...### #<


You could see a boulder beetle (drained).

Vanquished Creatures
  A boulder beetle (D:7)
  An unseen horror (D:7)
  A slime creature (D:7)
  Sigmund (D:2)
  A vampire mosquito (D:7)
  2 water moccasins (D:6)
  2 orc warriors (D:7)
  A hornet zombie (D:5)
  A sky beast (D:6)
  A black bear (D:5)
  6 ogres
  2 centaurs
  A phantom (D:4)
  An elf zombie (Ossuary)
  4 bullfrogs
  2 scorpions
  A vampire bat (D:3)
  4 wights (D:7)
  4 howler monkeys
  2 centaur zombies (Ossuary)
  A jelly (D:6)
  5 hounds
  2 orc priests
  A bullfrog skeleton (D:6)
  2 centaur skeletons (D:5)
  Jessica (D:3)
  Ijyb (D:5)
  Natasha (thrice) (D:3)
  An iguana (D:5)
  2 orc wizards (D:7)
  Terence (D:3)
  2 hound skeletons
  2 mummies (Ossuary)
  2 howler monkey zombies (D:6)
  A gnoll (D:1)
  6 adders
  A shadow imp (D:7)
  An ufetubus (D:5)
  An adder skeleton (D:4)
  3 worms (D:3)
  The ghost of cbfl8 the Sneak, a weakling HODe (D:4)
  16 orcs
  7 bats
  4 bat skeletons (D:3)
  2 bat zombies (D:3)
  7 endoplasms
  2 giant cockroaches
  5 goblins
  6 hobgoblins
  2 jackals (D:4)
  3 quokkas
  8 ball pythons
  2 frilled lizards (D:2)
  A goblin zombie (Ossuary)
  8 hobgoblin zombies (Ossuary)
  3 jackal zombies (Ossuary)
  10 kobolds
  10 kobold zombies (Ossuary)
  10 orc zombies (Ossuary)
  4 rats
  2 rat zombies (Ossuary)
  A spectral kobold (D:1)
192 creatures vanquished.

Vanquished Creatures (others)
  Dowan (D:7)
1 creature vanquished.

Grand Total: 193 creatures vanquished

Notes
Turn   | Place    | Note
-------+----------+-------------------------------------------
     0 | D:1      | safid the Hill Orc Fighter began the quest for the Orb.
     0 | D:1      | Reached XP level 1. HP: 19/19 MP: 1/1
   382 | D:1      | Reached XP level 2. HP: 27/27 MP: 2/2
   601 | D:1      | Found a faded altar of an unknown god.
   610 | D:1      | Prayed at the altar of an unknown god.
   610 | D:1      | Became a worshipper of Ru the Awakened
   830 | D:1      | Reached XP level 3. HP: 33/33 MP: 3/3
  1248 | D:2      | Reached XP level 4. HP: 15/40 MP: 4/4
  1532 | D:2      | Noticed Sigmund
  1537 | D:2      | Killed Sigmund
  1538 | D:2      | Reached XP level 5. HP: 46/46 MP: 5/5
  1538 | D:2      | Reached XP level 6. HP: 52/52 MP: 6/6
  2526 | D:3      | Found a snail-covered altar of Cheibriados.
  2635 | D:3      | Noticed Terence
  2640 | D:3      | Identified the +0 great sword "Kemaceva" {vorpal, rPois}
  2647 | D:3      | Killed Terence
  2727 | D:3      | Noticed Natasha
  2733 | D:3      | Killed Natasha
  2734 | D:3      | Reached skill level 1 in Long Blades
  2818 | D:3      | Found an ancient bone altar of Kikubaaqudgha.
  2824 | D:3      | Reached skill level 2 in Long Blades
  2919 | D:3      | Noticed Jessica
  2931 | D:3      | Killed Jessica
  2937 | D:3      | Found a broken altar of Ashenzari.
  2966 | D:3      | Noticed Natasha
  2973 | D:3      | Reached skill level 3 in Long Blades
  2975 | D:3      | Killed Natasha
  3228 | D:3      | Reached XP level 7. HP: 56/59 MP: 7/7
  3262 | D:3      | Noticed Natasha
  3279 | D:3      | Killed Natasha
  3573 | D:4      | Identified the +2 leather armour of Haqoug {-Tele Int+3
                  | Dex+4}
  3576 | D:4      | Found a runed translucent gate.
  3576 | D:4      | Noticed cbfl8's ghost (weakling HODe)
  3577 | D:4      | Identified the +4 chain mail of Ryissoke {+Inv rN+ Str+4}
  3591 | D:4      | Reached skill level 4 in Long Blades
  3607 | D:4      | Found a stormy altar of Qazlal.
  3628 | D:4      | Reached skill level 5 in Long Blades
  4050 | D:4      | Reached skill level 6 in Long Blades
  4343 | D:4      | Found a runed translucent gate.
  4343 | D:4      | Found a runed translucent gate.
  4458 | D:4      | Found a roughly hewn altar of Beogh.
  4483 | D:4      | Killed cbfl8's ghost
  4775 | D:5      | Entered Level 5 of the Dungeon
  4829 | D:5      | Noticed Ijyb
  4833 | D:5      | Reached XP level 8. HP: 60/66 MP: 6/8
  4834 | D:5      | Killed Ijyb
  4887 | D:5      | Reached skill level 7 in Long Blades
  5055 | D:5      | Found a glowing golden altar of the Shining One.
  5100 | D:5      | Reached skill level 8 in Long Blades
  5244 | D:5      | Reached skill level 9 in Long Blades
  5630 | D:6      | Reached skill level 10 in Long Blades
  5630 | D:6      | Reached XP level 9. HP: 54/71 MP: 6/9
  5794 | D:6      | Found a sacrificial altar of Ru.
  6014 | D:6      | Reached skill level 11 in Long Blades
  6172 | D:6      | Found Jasid's Armour Shop.
  6180 | D:6      | Bought the +0 cloak "Poiroego" {rCorr} for 188 gold pieces
  6222 | D:6      | Noticed a +0 dagger
  6223 | D:6      | Noticed a +0 hand axe
  6224 | D:6      | Found a hide-covered altar of Uskayaw.
  6319 | D:6      | Found a blossoming altar of Fedhas.
  6321 | D:6      | Gained mutation: You cannot study or cast Poison magic. [Ru
                  | sacrifice]
  6321 | D:6      | Gained mutation: You cannot study or cast Transmutations
                  | magic. [Ru sacrifice]
  6321 | D:6      | Gained mutation: You cannot study or cast Translocations
                  | magic. [Ru sacrifice]
  6321 | D:6      | Reached * piety under Ru
  6731 | D:7      | Found a sand-covered staircase.
  6735 | Ossuary  | Entered an ossuary
  6848 | Ossuary  | Reached skill level 12 in Long Blades
  7260 | D:7      | Reached skill level 13 in Long Blades
  7346 | D:7      | Noticed a boulder beetle
  7347 | D:7      | Reached XP level 10. HP: 78/78 MP: 10/10
  7350 | D:7      | Killed Dowan
  7357 | D:7      | Noticed a boulder beetle
  7358 | D:7      | Identified the ring "Xielaazo" {Fire Str+3 Int+3}
  7367 | D:7      | Killed a boulder beetle
  7368 | D:7      | Reached skill level 14 in Long Blades
  7374 | D:7      | Identified the ring "Hoaschoch" {Wiz +Blink rPois Will-
                  | Stlth+}
  7375 | D:7      | Killed an unseen horror
  7375 | D:7      | Identified the ring of Knowledge {Ice rElec rN+ Str+9
                  | Dex-5}
  7376 | D:7      | Reached skill level 1 in Dodging
  7379 | D:7      | Slain by a boulder beetle

Illustrated notes

Levels and vault maps discovered:
D:1:      kilobyte_arrival_exit_the_forest, layout_loops_corners,
          dreamdust_ecumenical_altar_drowned_temple
D:2:      layout_basic, st_stairs_1, uniq_sigmund
D:3:      layout_loops_ring, cheibrodos_worm_habitat, kennysheep_vampire_church,
          nicolae_ashenzari_panopticon, uniq_terence, uniq_natasha, uniq_jessica
D:4:      layout_basic, biasface_ghost_orc_armoury, minmay_ruined_shrine
D:5:      layout_gridville, mainiacjoe_overflow_small_starburst,
          minmay_crystal_water, uniq_ijyb
D:6:      layout_layer_cave, fedhas_altar_4, dancing_weapons_uskayaw,
          nicolae_ru_sacrificial_ziggurat, serial_shops, shop
D:7:      minmay_the_grid_triangle_9x9_recursive_2
          [minmay_the_grid_triangle_9x9_prize_special,
          minmay_the_grid_triangle_9x9_empty,
          minmay_the_grid_triangle_9x9_limited_checkers,
          minmay_the_grid_triangle_9x9_cache], layout_rooms,
          lemuel_temple_firewalk_a, enter_ossuary_5, uniq_duvessa

Skill      XL: |  1  2  3  4  5  6  7  8  9 10 |
---------------+-------------------------------+-----
Axes           | 3 6 7 |  7.2
Fighting       | 4 |  4.5
Armour         | 4 |  4.4
Shields        | 4 |  4.4
Long Blades    | 3 6 10 13 14 | 14.0
Dodging        | 1 |  1.1

Action                   |  1- 3 |  4- 6 |  7- 9 | 10-12 || total
-------------------------+-------+-------+-------+-------++-------
Melee: War axe           |    57 |    61 |       |       ||   118
       Long sword        |       |    41 |   260 |    22 ||   323
       Unarmed           |       |     2 |       |       ||     2
Invok: Reject Sacrifices |     1 |       |       |       ||     1
       Sacrifice Arcana  |       |       |     1 |       ||     1
  Use: Potion            |       |     1 |       |     2 ||     3
Armor: Scale mail        |    23 |    67 |    42 |       ||   132
       Skin              |       |     1 |       |       ||     1
       Chain mail        |       |       |    98 |     8 ||   106
Dodge: Dodged            |    14 |    59 |    77 |     5 ||   155
Block: Buckler           |     8 |    16 |    37 |     2 ||    63
